 Dungeon Crawl Stone Soup version 0.28-a0-1429-gf3d713df7a (webtiles) character file.

Game seed: 9437723100603594178

4247 Gargoyl the Fighter (level 10, -8/82 HPs)
             Began as a Gnoll Abyssal Knight on Jan 8, 2022.
             Was an Elder of Lugonu.
             Mangled by a shadow (22 damage)
             ... on level 9 of the Dungeon.
             The game lasted 00:15:05 (12202 turns).

Gargoyl the Fighter (Gnoll Abyssal Knight)         Turns: 12202, Time: 00:15:06

Health: -8/82      AC: 16    Str: 17    XL:     10   Next: 31%
Magic:  17/17      EV:  5    Int:  9    God:    Lugonu [****..]
Gold:   366        SH: 14    Dex: 13    Spells: 19/19 levels left

rFire   . . .      SeeInvis .   a - +3 hand axe
rCold   . . .      Faith    .   f - +1 tower shield {AC+3}
rNeg    . . .      Spirit   .   n - +0 chain mail
rPois   .          Reflect  .   (no helmet)
rElec   .          Harm     .   e - +2 cloak
rCorr   .          Rampage  .   (no gloves)
Will    .....                   (no boots)
Stlth   ..........              (no amulet)
HPRegen 0.23/turn               (no ring)
MPRegen 0.15/turn               (no ring)

@: no status effects
A: fangs 1, strong nose, distributed training
a: Renounce Religion, Depart the Abyss, Bend Space, Banish, Corrupt


You were on level 9 of the Dungeon.
You worshipped Lugonu.
Lugonu was greatly pleased with you.
You visited 1 branch of the dungeon, and saw 9 of its levels.
You visited the Abyss 1 time.
You also visited: Ossuary.

You collected 366 gold pieces.

Inventory:

Hand Weapons
 a - a +3 hand axe (weapon)
 c - a +4 dagger
Missiles
 d - 26 poisoned darts (quivered)
Armour
 e - a +2 cloak (worn)
 f - a +1 tower shield of protection (worn)
 n - a +0 chain mail (worn)
Jewellery
 p - a +6 ring of intelligence
 r - a ring of ice
Wands
 i - a wand of iceblast (1)
Scrolls
 j - 3 scrolls of teleportation
 t - a scroll of fog
Potions
 b - 3 potions of ambrosia
 g - 2 potions of might
 h - 3 potions of flight
 k - a potion of invisibility
 l - a potion of resistance
 m - 4 potions of lignification {unknown}
 o - 2 potions of curing
 q - 2 potions of attraction {unknown}
 s - a potion of degeneration {unknown}
 u - a potion of magic {unknown}


   Skills:
 + Level 8.4 Fighting
 + Level 5.1 Short Blades
 + Level 5.1 Long Blades
 + Level 7.0 Axes
 + Level 5.1 Maces & Flails
 + Level 5.1 Polearms
 + Level 5.1 Staves
 + Level 5.1 Slings
 + Level 5.1 Bows
 + Level 5.1 Crossbows
 + Level 5.1 Throwing
 + Level 7.0 Armour
 + Level 5.8 Dodging
 + Level 5.1 Stealth
 + Level 5.1 Shields
 + Level 5.1 Unarmed Combat
 + Level 5.1 Spellcasting
 + Level 4.2 Conjurations
 + Level 4.2 Hexes
 + Level 4.2 Summonings
 + Level 4.2 Necromancy
 + Level 4.2 Translocations
 + Level 4.2 Transmutations
 + Level 4.2 Fire Magic
 + Level 4.2 Ice Magic
 + Level 4.2 Air Magic
 + Level 4.2 Earth Magic
 + Level 4.2 Poison Magic
 + Level 7.3 Invocations
 + Level 5.1 Evocations


You had 19 spell levels left.
You didn't know any spells.
Your spell library contained the following spells:

 Spells                   Type           Power      Damage    Failure   Level
 Beastly Appendage        Tmut           18%        N/A       99%         1
 Slow                     Hex            36%        N/A       99%         1
 Ensorcelled Hibernation  Hex/Ice        18%        N/A       100%        2
 Wereblood                Tmut           9%         N/A       100%        2
 Confusing Touch          Hex            9%         N/A       100%        3
 Spider Form              Tmut/Pois      9%         N/A       100%        3
 Tukima's Dance           Hex            9%         N/A       100%        3
 Vampiric Draining        Necr           9%         2d6       100%        3
 Enfeeble                 Hex            4%         N/A       100%        7


Dungeon Overview and Level Annotations

Branches:
Dungeon (9/15)             Temple (0/1) D:7         Ossuary (visited)
   Lair: D:8-11         Orc: D:9-12

Altars:
Vehumet


Innate Abilities, Weirdness & Mutations

You have very sharp teeth.
Your uncanny sense of smell can sniff out nearby items.
Your experience applies equally to all skills.


Message History

The shadow is moderately damaged.
The shadow closely misses you.
Unknown command.
You hit the shadow.
The shadow is heavily damaged.
The shadow slips into darkness.
The shadow flickers and vanishes!
Deactivating autopickup; reactivate with Ctrl-A.
The shadow strikes at you from the darkness!
* * * LOW HITPOINT WARNING * * *
Reactivating autopickup.
You barely miss the shadow.
The shadow is heavily damaged.
The shadow hits you.
Unknown command.
You hit the shadow but do no damage.
The shadow is heavily damaged.
The shadow slips into darkness.
The shadow flickers and vanishes!
Deactivating autopickup; reactivate with Ctrl-A.
You slash something!
The shadow strikes at you from the darkness!
* * * LOW HITPOINT WARNING * * *
Reactivating autopickup.
Unknown command.
You feel better. You block the shadow's attack.
You hit the shadow but do no damage.
The shadow is severely damaged.
You block the shadow's attack. The shadow completely misses you.
You hit the shadow but do no damage.
The shadow is severely damaged.
The shadow barely misses you.
You hit the shadow but do no damage.
The shadow is severely damaged.
The shadow slips into darkness.
The shadow flickers and vanishes!
Deactivating autopickup; reactivate with Ctrl-A.
You barely miss something.
The shadow strikes at you from the darkness!
You die...

##.#
######.####
.# #.# # #.#
#.# #.# #.#
########.
#.###........
#.........#
#####@###.#
#{# #.# #..
###


There were no monsters in sight!

Vanquished Creatures
  A wraith (D:9)
  A vampire (D:9)
  8 yaks
  Menkaure (Ossuary)
  A steam dragon (D:8)
  A sky beast (D:5)
  An ice beast (D:5)
  A black bear (D:5)
  A necrophage (D:6)
  A centaur (D:8)
  2 ogres
  2 phantoms
  2 kobold brigands
  A gnoll sergeant (D:5)
  6 bullfrogs
  2 scorpions
  2 howler monkeys
  3 centaur zombies
  3 jellies
  A hound (D:4)
  A centaur skeleton (D:6)
  2 orc priests
  A scorpion zombie (D:5)
  3 iguanas
  6 orc wizards
  3 ogre zombies (Ossuary)
  A hound skeleton (D:5)
  6 mummies (Ossuary)
  A howler monkey zombie (D:5)
  3 adders (D:4)
  9 gnolls
  A shadow imp (D:5)
  3 adder zombies (Ossuary)
  2 worms (D:2)
  7 dart slugs
  15 orcs
  5 ball pythons
  3 bats
  9 endoplasms
  3 giant cockroaches (D:4)
  7 goblins
  5 hobgoblins
  4 jackals (D:2)
  14 kobolds
  4 quokkas
  2 frilled lizards
  8 goblin zombies (Ossuary)
  2 hobgoblin zombies (Ossuary)
  5 kobold zombies (Ossuary)
  4 quokka zombies (Ossuary)
  5 rats
  3 rat zombies (Ossuary)
188 creatures vanquished.

Vanquished Creatures (others)
  A sky beast (D:8)
1 creature vanquished.

Grand Total: 189 creatures vanquished

Notes
Turn   | Place    | Note
-------+----------+-------------------------------------------
     0 | Abyss:1  | Gargoyl the Gnoll Abyssal Knight began the quest for the
                  | Orb.
     0 | Abyss:1  | Reached XP level 1. HP: 23/23 MP: 3/3
     0 | D:1      | Escaped the Abyss
   223 | D:1      | Found a faded altar of an unknown god.
   281 | D:1      | Reached XP level 2. HP: 24/29 MP: 5/5
   773 | D:1      | Reached * piety under Lugonu
   947 | D:2      | Reached XP level 3. HP: 27/35 MP: 6/6
  1396 | D:2      | Reached skill level 1 in Short Blades
  1396 | D:2      | Reached skill level 1 in Long Blades
  1396 | D:2      | Reached skill level 1 in Maces & Flails
  1396 | D:2      | Reached skill level 1 in Polearms
  1396 | D:2      | Reached skill level 1 in Staves
  1396 | D:2      | Reached skill level 1 in Slings
  1396 | D:2      | Reached skill level 1 in Bows
  1396 | D:2      | Reached skill level 1 in Crossbows
  1396 | D:2      | Reached skill level 1 in Throwing
  1396 | D:2      | Reached skill level 1 in Stealth
  1396 | D:2      | Reached skill level 1 in Shields
  1396 | D:2      | Reached skill level 1 in Unarmed Combat
  1396 | D:2      | Reached skill level 1 in Spellcasting
  1396 | D:2      | Reached skill level 1 in Evocations
  1656 | D:1      | Reached XP level 4. HP: 20/41 MP: 7/7
  2347 | D:3      | Reached skill level 1 in Conjurations
  2347 | D:3      | Reached skill level 1 in Hexes
  2347 | D:3      | Reached skill level 1 in Summonings
  2347 | D:3      | Reached skill level 1 in Necromancy
  2347 | D:3      | Reached skill level 1 in Translocations
  2347 | D:3      | Reached skill level 1 in Transmutations
  2347 | D:3      | Reached skill level 1 in Fire Magic
  2347 | D:3      | Reached skill level 1 in Ice Magic
  2347 | D:3      | Reached skill level 1 in Air Magic
  2347 | D:3      | Reached skill level 1 in Earth Magic
  2347 | D:3      | Reached skill level 1 in Poison Magic
  2460 | D:3      | Found a radiant altar of Vehumet.
  2734 | D:2      | Reached XP level 5. HP: 25/47 MP: 8/8
  2940 | D:2      | Reached ** piety under Lugonu
  3225 | D:3      | Reached skill level 5 in Invocations
  3230 | D:3      | Reached XP level 6. HP: 5/53 MP: 9/9
  3586 | D:3      | Reached skill level 5 in Axes
  3586 | D:3      | Reached skill level 5 in Armour
  4327 | D:4      | Found a sand-covered staircase.
  4347 | Ossuary  | Entered an ossuary
  4388 | Ossuary  | Reached XP level 7. HP: 50/59 MP: 10/10
  4628 | Ossuary  | Reached skill level 7 in Fighting
  4697 | Ossuary  | Noticed Menkaure
  4708 | Ossuary  | Killed Menkaure
  5029 | Ossuary  | Reached *** piety under Lugonu
  5827 | D:4      | Reached XP level 8. HP: 67/67 MP: 12/12
  6334 | D:5      | Entered Level 5 of the Dungeon
  6481 | D:5      | Identified the +0 robe of Circular Logic {Rampage +Inv rF+
                  | Stlth-}
  7448 | D:5      | Reached **** piety under Lugonu
  8501 | D:6      | Reached XP level 9. HP: 35/72 MP: 14/14
  9539 | D:7      | Identified a scroll of acquirement
  9539 | D:7      | Acquired a +1 tower shield of protection
 10030 | D:7      | Found a staircase to the Ecumenical Temple.
 10601 | D:8      | Reached skill level 5 in Dodging
 10697 | D:8      | Reached skill level 8 in Fighting
 11223 | D:8      | Reached XP level 10. HP: 76/80 MP: 17/17
 11625 | D:9      | Reached skill level 5 in Short Blades
 11625 | D:9      | Reached skill level 5 in Long Blades
 11625 | D:9      | Reached skill level 5 in Maces & Flails
 11625 | D:9      | Reached skill level 5 in Polearms
 11625 | D:9      | Reached skill level 5 in Staves
 11625 | D:9      | Reached skill level 5 in Slings
 11625 | D:9      | Reached skill level 5 in Bows
 11625 | D:9      | Reached skill level 5 in Crossbows
 11625 | D:9      | Reached skill level 5 in Throwing
 11625 | D:9      | Reached skill level 5 in Stealth
 11625 | D:9      | Reached skill level 5 in Shields
 11625 | D:9      | Reached skill level 5 in Unarmed Combat
 11625 | D:9      | Reached skill level 5 in Spellcasting
 11625 | D:9      | Reached skill level 5 in Evocations
 12202 | D:9      | Mangled by a shadow

Illustrated notes

Levels and vault maps discovered:
D:1:      dpeg_arrival_arbitrary_a, layout_basic,
          hellmonk_ecumenical_altar_arch_garden
D:2:      layout_loops_ring
D:3:      minmay_recursive_quarters, layout_basic, nicolae_vehumet_radiance,
          nicolae_elevator_lobby_asterisk
D:4:      layout_loops_ring, enter_ossuary_2, minmay_strange_pillars,
          dk_rats_in_the_wall
D:5:      layout_basic, grunt_decor_mini_mirrors, kennysheep_windowed_goal
D:6:      layout_cave_pools, uniq_menkaure
D:7:      layout_gridville, lemuel_temple_firewalk_b, enter_bailey_3
D:8:      layout_loops_ring
D:9:      layout_loops_corners, hangedman_decor_growths,
          hangedman_corner_corridor

Skill      XL: |  1  2  3  4  5  6  7  8  9 10 |
---------------+-------------------------------+-----
Short Blades   | 1 2 3 4 5 |  5.1
Long Blades    | 1 2 3 4 5 |  5.1
Maces & Flails | 1 2 3 4 5 |  5.1
Polearms       | 1 2 3 4 5 |  5.1
Staves         | 1 2 3 4 5 |  5.1
Slings         | 1 2 3 4 5 |  5.1
Bows           | 1 2 3 4 5 |  5.1
Crossbows      | 1 2 3 4 5 |  5.1
Throwing       | 1 2 3 4 5 |  5.1
Stealth        | 1 2 3 4 5 |  5.1
Shields        | 1 2 3 4 5 |  5.1
Unarmed Combat | 1 2 3 4 5 |  5.1
Spellcasting   | 1 2 3 4 5 |  5.1
Evocations     | 1 2 3 4 5 |  5.1
Conjurations   | 1 2 3 4 |  4.2
Hexes          | 1 2 3 4 |  4.2
Summonings     | 1 2 3 4 |  4.2
Necromancy     | 1 2 3 4 |  4.2
Translocations | 1 2 3 4 |  4.2
Transmutations | 1 2 3 4 |  4.2
Fire Magic     | 1 2 3 4 |  4.2
Ice Magic      | 1 2 3 4 |  4.2
Air Magic      | 1 2 3 4 |  4.2
Earth Magic    | 1 2 3 4 |  4.2
Poison Magic   | 1 2 3 4 |  4.2
Dodging        | 3 4 5 |  5.8
Invocations    | 5 6 7 |  7.3
Axes           | 5 6 7 |  7.0
Armour         | 5 6 7 |  7.0
Fighting       | 7 8 |  8.4

Action                   |  1- 3 |  4- 6 |  7- 9 | 10-12 || total
-------------------------+-------+-------+-------+-------++-------
Melee: Hand axe          |    13 |    21 |   496 |   103 ||   633
       Dagger            |    73 |   172 |       |       ||   245
       Bite              |    12 |    24 |    74 |    10 ||   120
       Punch             |     2 |     5 |     6 |       ||    13
Throw: Dart              |       |     4 |    32 |     4 ||    40
Invok: Depart the Abyss  |     1 |       |       |       ||     1
Evoke: Wand              |       |       |       |     3 ||     3
  Use: Scroll            |     2 |     5 |    12 |     1 ||    20
       Potion            |       |     1 |     2 |     1 ||     4
 Stab: Sleeping          |     1 |     2 |       |       ||     3
Armor: Leather armour    |    23 |     2 |       |       ||    25
       Ring mail         |       |    76 |   164 |       ||   240
       Chain mail        |       |       |   108 |    35 ||   143
Dodge: Dodged            |    59 |   111 |   217 |    17 ||   404
Block: Buckler           |       |       |    12 |       ||    12
       Tower shield      |       |       |   119 |    61 ||   180

Table legend: (Time is in decaauts)
 A = Elapsed time spent in this place.
 B = Non-inter-level travel time spent in this place.
 C = Inter-level travel time spent in this place.
 D = Time resting spent in this place.
 E = Time spent auto-exploring this place.
 F = Levels seen in this place.
 G = Mean time per level.
                   A        B        C        D        E       F      G
               +--------+--------+--------+--------+--------+-----+--------+
         Total |  12344 |  12002 |    342 |   1087 |   8708 |  11 | 1122.2 |
       Dungeon |  11418 |  11076 |    342 |   1087 |   8066 |   9 | 1268.7 |
         Abyss |      0 |      0 |      0 |      0 |      0 |   1 |    0.0 |
       Ossuary |    926 |    926 |      0 |      0 |    642 |   1 |  926.0 |
               +--------+--------+--------+--------+--------+-----+--------+

Top non-repeatable levels by time:
     D:5: 1697 daAuts
     D:4: 1549 daAuts
     D:2: 1467 daAuts
     D:7: 1280 daAuts
     D:1: 1280 daAuts
     D:8: 1196 daAuts
     D:3: 1117 daAuts
     D:6: 1006 daAuts
 Ossuary: 926 daAuts
     D:9: 823 daAuts
